 Dungeon Crawl Stone Soup version 0.31-a0-1074-g0b22e4e0f1 (webtiles) character file.

Game seed: 11489295406029141693

2575 grandjackal the Trooper (level 9, -1/70 HPs)
             Began as a Djinni Reaver on Dec 1, 2023.
             Slain by a wight
             ... wielding a +6 flail
              (4 damage)
             ... on level 9 of the Dungeon.
             The game lasted 00:11:08 (5604 turns).

grandjackal the Trooper (Djinni Reaver)             Turns: 5604, Time: 00:11:09

Health: -1/70      AC: 12    Str: 15    XL:     9   Next: 88%
Gold:   403        EV: 16    Int: 19    God:
                   SH:  0    Dex: 12

rFire   + + .        z - +2 dagger (venom)
rCold   . . .        (no shield)
rNeg    . . .        u - +0 ring mail {rC+}
rPois   ∞            i - +0 helmet
rElec   .            C - +0 cloak
rCorr   .            q - +4 pair of gloves of Fazakk {Str+4}
SInv    +            (boots unavailable)
Will    .....        (no amulet)
Stlth   +            c - ring of see invisible
HPRegen 0.31/turn    v - +5 ring of evasion
MPRegen 0.00/turn

%: infuse magic (-2 HP)
@: weak-willed, flying
A: sickness immunity, fire resistance 2, cold vulnerability 1, float, innate
caster, HP casting, extra vitality 1
a: no special abilities


You were on level 9 of the Dungeon.
You visited 2 branches of the dungeon, and saw 9 of its levels.
You also visited: Sewer.

You collected 403 gold pieces.

Inventory:

Hand Weapons
 a - a +1 falchion
 z - a +2 dagger of venom (weapon)
Missiles
 w - a throwing net
Armour
 i - a +0 helmet (worn)
 q - the +4 pair of gloves of Fazakk (worn) {Str+4}
   (You found it in a sewer)

   Str+4:     It affects your strength (+4).
 u - a +0 ring mail of cold resistance (worn)
 C - a +0 cloak (worn)
Jewellery
 c - a ring of see invisible (left hand)
 v - a +5 ring of evasion (right hand)
Wands
 y - a wand of light (4)
Scrolls
 b - 2 scrolls of blinking {unknown}
 d - 2 scrolls of fear {unknown}
 f - 2 scrolls of enchant weapon
 h - a scroll of teleportation
 n - 7 scrolls of identify {unknown}
 o - 2 scrolls of vulnerability {unknown}
 p - a scroll of revelation {unknown}
 r - a scroll of immolation {unknown}
 t - 2 scrolls of fog {unknown}
 A - a scroll of torment {unknown}
 B - 2 scrolls of amnesia {unknown}
Potions
 e - a potion of lignification {unknown}
 g - a potion of haste {unknown}
 j - 2 potions of resistance {unknown}
 k - 3 potions of heal wounds
 l - a potion of might {unknown}
 m - 2 potions of curing {unknown}
 s - 7 potions of enlightenment
 x - a potion of attraction {unknown}


   Skills:
 + Level 7.9 Fighting
 + Level 7.5 Long Blades
 - Level 2.1 Dodging
 + Level 5.6 Spellcasting
 + Level 5.6 Conjurations
 + Level 5.6 Hexes
   Level 0.0 Charms
 + Level 5.6 Summonings
 + Level 5.6 Necromancy
 + Level 5.6 Translocations
 + Level 5.6 Transmutations
 + Level 5.6 Fire Magic
 + Level 5.6 Ice Magic
 + Level 5.6 Air Magic
 + Level 5.6 Earth Magic
 + Level 5.6 Poison Magic


You knew the following spells:

 Your Spells              Type           Power      Damage    Failure   Level
a - Kiss of Death         Conj/Necr      100%       2d13      2%          1
b - Momentum Strike       Conj/Tloc      52%        3d9       3%          2
c - Hailstorm             Conj/Ice       26%        3d7       7%          3
d - Apportation           Tloc           52%        N/A       2%          1
e - Jinxbite              Hex            52%        N/A       3%          2
f - Confusing Touch       Hex            26%        N/A       7%          3
g - Summon Guardian Gole  Hex/Summ       26%        N/A       7%          3
Your spell library was empty.

Dungeon Overview and Level Annotations

Branches:
Dungeon (9/15)             Temple (1/1) D:4           Sewer (visited)
   Lair: D:8-11         Orc: D:9-12

Altars:
Ashenzari
Cheibriados
Dithmenos
Elyvilon
Nemelex Xobeh
Okawaru
Qazlal
Trog
Uskayaw
Wu Jian
Yredelemnul
The Shining One

Annotations:
D:6 1 transporter


Innate Abilities, Weirdness & Mutations

You are immune to sickness and miasma.
You are immune to poison.
Your flesh is very heat resistant. (rF++)
You are vulnerable to cold. (rC-)
You float through the air rather than walking.
You learn spells naturally, not from books.
Your magical power is your life essence.
You have superior vitality. (+4 MHP)


Message History

The water moccasin is severely wounded.
A giggling sprite leaps out and makes the water moccasin trip over its own tail.
The water moccasin is almost dead.
The water moccasin misses you.
The water moccasin barely misses you. x2
You hit the water moccasin.
The water moccasin is poisoned.
The water moccasin is almost dead.
A giggling sprite leaps out and makes the water moccasin trip over its own tail.
You kill the water moccasin!
The water moccasin closely misses you.
You hit the water moccasin.
You kill the water moccasin!
The wight hits you with a +6 flail!
* * * LOW HITPOINT WARNING * * *
You hit the wight.
The wight is moderately damaged.
A giggling sprite leaps out and doodles on the wight's face.
The wight is heavily damaged.
The wight misses you.
You hit the wight but do no damage.
The wight is heavily damaged.
You hit the wight but do no damage.
The wight is heavily damaged.
A giggling sprite leaps out and insults the wight's ancestors.
The wight is severely damaged.
The jinxing sprites lose interest in you.
The wight closely misses you.
A wyvern comes into view.
Casting: Jinxbite (safe; 3% risk of failure)
Confirm with . or Enter, or press ? or * to list all spells.
Okay, then.
Casting: Jinxbite (safe; 3% risk of failure)
Confirm with . or Enter, or press ? or * to list all spells.
A guardian golem appears, shielding your allies.
* * * LOW HITPOINT WARNING * * *
The wight hits you but does no damage.
Unknown command.
The wyvern attacks as it pursues you! The wyvern bites you!
* * * LOW HITPOINT WARNING * * *
The wight hits you with a +6 flail.
You die...

#############
.......9z...#
./.....l@...#
......###...#
####.. #...#
#..###...#
..........#
...........#
............#
P.P..........#
..P.....##.$.#


You could see a wyvern, a wight (very drained, ally target) and a friendly
guardian golem (summoned).

Vanquished Creatures
  A boulder beetle (D:9)
  Sigmund (D:2)
  A basilisk (D:9)
  3 water moccasins (D:9)
  2 black bears (D:9)
  An ogre (D:5)
  A wolf (D:9)
  4 scorpions
  3 hounds
  A jelly (D:5)
  An orc priest (D:5)
  3 sleepcaps
  2 iguanas (D:5)
  Ijyb (D:4)
  Terence (D:1)
  5 orc wizards
  9 adders
  9 gnolls
  4 river rats (Sewer)
  2 ufetubi (D:5)
  5 worms
  8 orcs
  6 ball pythons
  4 endoplasms
  5 giant cockroaches
  3 goblins
  10 hobgoblins
  11 jackals
  10 kobolds
  6 quokkas
  11 bats
  7 frilled lizards
  8 rats
149 creatures vanquished.

Notes
Turn   | Place    | Note
-------+----------+-------------------------------------------
     0 | D:1      | grandjackal the Djinni Reaver began the quest for the Orb.
     0 | D:1      | grandjackal set off with the following spells memorised:
                  | Kiss of Death, Momentum Strike, Hailstorm.
     0 | D:1      | Reached XP level 1. HP: 18/18 MP: 0/0
    85 | D:1      | Reached XP level 2. HP: 23/23 MP: 0/0
   103 | D:1      | Found a faded altar of an unknown god.
   664 | D:2      | Noticed Terence
   668 | D:2      | Noticed Sigmund
   676 | D:1      | Killed Terence
   677 | D:1      | Reached XP level 3. HP: 15/26 MP: 0/0
   677 | D:1      | Learned a level 1 spell: Apportation
   784 | D:2      | Reached XP level 4. HP: 22/31 MP: 0/0
   796 | D:2      | Killed Sigmund
   797 | D:2      | Reached XP level 5. HP: 16/41 MP: 0/0
   797 | D:2      | Learned a level 2 spell: Jinxbite
   797 | D:2      | Reached XP level 6. HP: 18/47 MP: 0/0
  1773 | D:3      | Found a glowing drain.
  1777 | Sewer    | Entered a sewer
  2346 | Sewer    | Identified the +4 pair of gloves of Fazakk {Str+4}
  2470 | Sewer    | Reached XP level 7. HP: 29/41 MP: 0/0
  2470 | Sewer    | Learned a level 3 spell: Confusing Touch
  3624 | D:4      | Found a hide-covered altar of Uskayaw.
  3626 | D:4      | Found a staircase to the Ecumenical Temple.
  3634 | Temple   | Entered the Ecumenical Temple
  3676 | D:4      | Noticed Ijyb
  3697 | D:4      | Killed Ijyb
  3847 | D:4      | Reached skill level 5 in Long Blades
  3885 | D:4      | Found a sparkling altar of Nemelex Xobeh.
  3949 | D:4      | Reached skill level 5 in Fighting
  4212 | D:5      | Entered Level 5 of the Dungeon
  4417 | D:5      | Reached XP level 8. HP: 47/55 MP: 0/0
  5345 | D:6      | Noticed a hornet
  5374 | D:6      | Noticed a queen bee
  5387 | D:6      | Found a transporter.
  5387 | D:6      | You are sucked into a shaft and drop 3 floors!
  5481 | D:9      | Noticed a boulder beetle
  5493 | D:9      | Killed a boulder beetle
  5494 | D:9      | Reached skill level 5 in Spellcasting
  5494 | D:9      | Reached skill level 5 in Conjurations
  5494 | D:9      | Reached skill level 5 in Hexes
  5494 | D:9      | Reached skill level 5 in Summonings
  5494 | D:9      | Reached skill level 5 in Necromancy
  5494 | D:9      | Reached skill level 5 in Translocations
  5494 | D:9      | Reached skill level 5 in Transmutations
  5494 | D:9      | Reached skill level 5 in Fire Magic
  5494 | D:9      | Reached skill level 5 in Ice Magic
  5494 | D:9      | Reached skill level 5 in Air Magic
  5494 | D:9      | Reached skill level 5 in Earth Magic
  5494 | D:9      | Reached skill level 5 in Poison Magic
  5494 | D:9      | Reached XP level 9. HP: 51/68 MP: 0/0
  5494 | D:9      | Learned a level 3 spell: Summon Guardian Golem
  5604 | D:9      | HP: 3/70 [wyvern (9)]
  5604 | D:9      | Slain by a wight

Illustrated notes

Levels and vault maps discovered:
D:1:      dpeg_arrival_simpleton_a, layout_loops_ring,
          shapermc_ecumenical_altar_starsandcircs, minmay_pentomino_z4
D:2:      cheibrodos_old_hovel, layout_rooms, serial_glass, glass_columns_a,
          glass_columns_a, kennysheep_generic_room_2, uniq_sigmund, uniq_terence
D:3:      layout_loops_ring, gup_sewer_entry_bowl
D:4:      layout_basic, amcnicky_altar_gilded, nemelex_altar_shiori,
          minmay_temple_entry_waves, uniq_ijyb
D:5:      layout_basic, lemuel_round_altar, minmay_fractal_squares_diagonal_5
D:6:      layout_loops_ring, grunt_temple_overflow_gold_and_silver,
          nicolae_ru_path_of_blood, gammafunk_ghost_hive, serial_shops,
          nicolae_shop_hallway_stairs
D:8:      layout_basic, fedhas_altar_1, lemuel_tele_altar, enter_bailey_3
D:9:      layout_small_grid, minmay_lair_entry_grove, nicolae_wwwww
Temple:   minmay_temple_bridge_abc

Skill      XL: |  1  2  3  4  5  6  7  8  9 |
---------------+----------------------------+-----
Long Blades    | 3 4 5 6 7 |  7.5
Spellcasting   | 3 4 5 |  5.6
Conjurations   | 3 4 5 |  5.6
Hexes          | 3 4 5 |  5.6
Summonings     | 3 4 5 |  5.6
Necromancy     | 3 4 5 |  5.6
Translocations | 3 4 5 |  5.6
Transmutations | 3 4 5 |  5.6
Fire Magic     | 3 4 5 |  5.6
Ice Magic      | 3 4 5 |  5.6
Air Magic      | 3 4 5 |  5.6
Earth Magic    | 3 4 5 |  5.6
Poison Magic   | 3 4 5 |  5.6
Fighting       | 3 4 5 7 |  7.9
Dodging        | |  2.1

Action                     |  1- 3 |  4- 6 |  7- 9 || total
---------------------------+-------+-------+-------++-------
  Melee: Falchion          |    47 |   251 |    32 ||   330
         Punch             |       |     4 |     4 ||     8
         Dagger            |       |       |   350 ||   350
   Cast: Kiss of Death     |     2 |     4 |     1 ||     7
         Jinxbite          |       |       |    11 ||    11
         Hailstorm         |       |       |     2 ||     2
         Summon Guardian G |       |       |     1 ||     1
    Use: Scroll            |       |     2 |     1 ||     3
         Potion            |       |       |     1 ||     1
 Armour: Leather armour    |    27 |   161 |    11 ||   199
         Ring mail         |       |       |   219 ||   219
  Dodge: Dodged            |    17 |   162 |   314 ||   493

Table legend: (Time is in decaauts)
 A = Elapsed time spent in this place.
 B = Non-inter-level travel time spent in this place.
 C = Inter-level travel time spent in this place.
 D = Time resting spent in this place.
 E = Time spent auto-exploring this place.
 F = Levels seen in this place.
 G = Mean time per level.
                   A        B        C        D        E       F      G
               +--------+--------+--------+--------+--------+-----+--------+
         Total |   5578 |   5413 |    165 |    802 |   3151 |  10 |  557.8 |
       Dungeon |   4752 |   4604 |    148 |    600 |   2825 |   8 |  594.0 |
        Temple |     35 |     18 |     17 |      0 |      0 |   1 |   35.0 |
         Sewer |    790 |    790 |      0 |    202 |    326 |   1 |  790.0 |
               +--------+--------+--------+--------+--------+-----+--------+

Top non-repeatable levels by time:
     D:4: 1134 daAuts
     D:5: 1104 daAuts
     D:1: 860 daAuts
   Sewer: 790 daAuts
     D:3: 709 daAuts
     D:2: 699 daAuts
     D:9: 198 daAuts
     D:6: 44 daAuts
  Temple: 35 daAuts
     D:8: 1 daAuts
